AoeStats
← frestrepo.7

Arabia

505558823Analyzed
2v2 RM · 21d ago on Sep 10, 2026· 32m 55s· 4 players
Game mode
Random Map
Map size
Medium (4 player)
Population
200
Speed
Normal
Resources
Standard
Victory
Conquest
Starting age
Dark Age
Ending age
Imperial Age
RankedLock teamsTeams togetherTeam positionsShared explorationLock speedFull tech treeHidden civsTurbo modeCheats
Victory
Defeat
🇩🇪 Romans · Germany
818
+17
🇩🇪 Wei · Germany
802
+18
🇨🇴 Huns · Colombia
848
-49
🇺🇸 Franks · United States
826
-27
[GK] antexxxx
11:18 Feudal Age
12:30 Double-Bit Axe
12:40 Gold Mining
13:26 Man-at-Arms
17:43 Horse Collar
21:43 Castle Age
19:57 Scale Mail Armor
21:17 Wheelbarrow
21:20 Forging
23:27 Bow Saw
23:19 Heavy Plow
23:57 Gold Shaft Mining
25:22 Hand Cart
25:27 Squires
25:41 Long Swordsman
27:22 Loom
28:01 Chain Mail Armor
28:22 Iron Casting
34:01 Imperial Age
Tom_Bombadil030
5:19 Loom
9:58 Feudal Age
14:23 Scale Barding Armor
15:28 Forging
18:26 Bloodlines
19:26 Horse Collar
24:34 Castle Age
22:31 Double-Bit Axe
23:34 Stone Mining
25:51 Wheelbarrow
26:17 Husbandry
26:22 Gold Mining
28:43 Chain Barding Armor
31:54 Fletching
32:40 Iron Casting
31:59 Elite Skirmisher
32:59 Murder Holes
danielirurita
25:31 Feudal Age
26:56 Man-at-Arms
frestrepo.7
7:42 Loom
11:13 Feudal Age
12:59 Double-Bit Axe
22:06 Gold Mining
26:35 Wheelbarrow
28:02 Fletching
32:44 Castle Age
Connection lost

Rejoining the realm…

Still unreachable

The connection could not be restored.

Session expired

The server has moved on; the page needs a fresh start.